 Seeded DCSS version 0.30.0-17-ge0270778cf (webtiles) character file.

Game seed: 4239319772818635375 (custom seed)

542589 bmack86 the Conqueror (level 24, -1/249 HPs)
             Began as a Minotaur Fighter on May 22, 2023.
             Was the Champion of the Shining One.
             Succumbed to an ushabti's dark miasma
             ... on level 1 of the Tomb of the Ancients on May 23, 2023.
             The game lasted 03:33:53 (47839 turns).

bmack86 the Conqueror (Minotaur Fighter)           Turns: 47839, Time: 03:33:54

Health: -1/249     AC: 53    Str: 38    XL:     24   Next: 19%
Magic:  23/28      EV:  8    Int:  9    God:    the Shining One [******]
Gold:   12337      SH: 33    Dex: 16    Spells: 23/23 levels left

rFire   . . .        l - +9 broad axe (holy)
rCold   + . .        G - +7 tower shield
rNeg    + + +        R - +0 crystal plate armour of Death's Door {Rampage Fly rC+ Str+4}
rPois   .            j - +2 hat {Will+}
rElec   .            X - +2 cloak {rCorr}
rCorr   +            F - +2 pair of gloves {hurl}
SInv    +            T - +2 pair of boots
Will    ++...        p - amulet of Midwinter {Reflect Str+3 SH+5} Stlth
                     w - ring of the Tortoise {AC+8}
HPRegen 0.61/turn    M - ring of the Establishment {Int+2 Dex+6 SInv}
MPRegen 0.21/turn

%: reflection, rampage
@: lethally poisoned (-1 -> -21), silenced, flying, hasted and slowed, glowing,
studying 2 skills
A: horns 2, retaliatory headbutt, talons 1, iridescent scales 1, deterioration
1, low MP 1, wild magic 1
}: 4/15 runes: decaying, slimy, silver, gossamer
a: Renounce Religion


You were on level 1 of the Tomb of the Ancients.
You worshipped the Shining One.
The Shining One was exalted by your worship.
You visited 12 branches of the dungeon, and saw 50 of its levels.
You also visited: Ice Cave and Volcano.

You collected 23991 gold pieces.
You spent 5456 gold pieces at shops.
You paid 6198 gold pieces to Gozag.

Inventory:

Hand Weapons
 l - a +9 broad axe of holy wrath (weapon)
 D - the +9 broad axe of Blood {freeze, rC- Dex+2 SInv}
   (You found it on level 5 of the Vaults)

   Dex:       It affects your dexterity (+2).
   rC:        It makes you vulnerable to cold.
   SInv:      It lets you see invisible.
 Y - a +1 antimagic war axe
Missiles
 N - a throwing net
 U - a silver boomerang (quivered)
 Z - 11 javelins
Armour
 j - a +2 hat of willpower (worn)
 F - a +2 pair of gloves of hurling (worn)
 G - a +7 tower shield (worn)
 R - the +0 crystal plate armour of Death's Door (worn) {Rampage Fly rC+ Str+4}
   (You acquired it on level 6 of the Dungeon)

   Str:       It affects your strength (+4).
   rC:        It protects you from cold.
   Fly:       It grants you flight.
   Rampage:   It bestows one free step when moving towards enemies.
 S - a +7 plate armour of willpower
 T - a +2 pair of boots (worn)
 X - a +2 cloak of preservation (worn)
Jewellery
 a - a ring of poison resistance
 b - a ring of protection from cold
 c - a ring of willpower
 f - the macabre finger necklace {Finger+ rN+}
   (You found it on level 5 of the Pits of Slime)

   [amulet of nothing]

   Finger+:   It enables you to equip an extra ring.
   rN:        It protects you from negative energy.
 g - a ring of resist corrosion
 p - the amulet of Midwinter (around neck) {Reflect Str+3 SH+5}
   (You took it off a vampire knight on level 3 of the Crypt)

   [amulet of reflection]

   It reflects blocked missile attacks.
   Str:       It affects your strength (+3).
   SH:        It affects your SH (+5).
 q - an amulet of reflection
 w - the ring of the Tortoise (left hand) {AC+8}
   (You found it on level 3 of the Elven Halls)

   [ring of protection]

   AC:        It affects your AC (+8).
 x - the amulet of Haob Zer {Acrobat +Blink rF- Will++ rCorr}
   (You took it off a deep elf annihilator on level 3 of the Elven Halls)

   [amulet of the acrobat]

   It increases your evasion while moving and waiting.
   rF:        It makes you vulnerable to fire.
   +Blink:    It lets you blink.
   rCorr:     It protects you from acid and corrosion.
   Will:      It greatly increases your willpower.
 B - an amulet of regeneration
 H - a ring of protection from cold
 M - the ring of the Establishment (right hand) {Int+2 Dex+6 SInv}
   (You bought it in a shop on level 1 of the Vaults)

   [ring of dexterity]

   Int:       It affects your intelligence (+2).
   Dex:       It affects your dexterity (+6).
   SInv:      It lets you see invisible.
Wands
 e - a wand of paralysis (57)
 u - a wand of polymorph (71)
 A - a wand of roots (71)
 E - a wand of flame (138)
 J - a wand of digging (15)
 V - a wand of mindburst (26)
 W - a wand of acid (11)
Scrolls
 k - 3 scrolls of summoning
 m - 10 scrolls of fear
 n - 25 scrolls of teleportation
 o - 10 scrolls of fog
 s - 2 scrolls of blinking
 C - 2 scrolls of silence
 O - 2 scrolls of magic mapping
Potions
 d - 4 potions of might
 h - 6 potions of cancellation
 i - 24 potions of curing
 r - 5 potions of haste
 v - 2 potions of resistance
 z - 6 potions of flight
 I - 5 potions of mutation
 K - 10 potions of ambrosia
 L - 14 potions of heal wounds
 P - 3 potions of berserk rage


   Skills:
 O Level 27 Fighting
 O Level 27 Axes
 - Level 15.6 Throwing
 - Level 23.8 Armour
 - Level 18.1 Shields
 - Level 1.0 Necromancy
 * Level 12.3 Invocations
 - Level 11.3 Evocations


You had 23 spell levels left.
You didn't know any spells.
Your spell library contained the following spells:

 Spells                   Type           Power      Damage    Failure   Level
 Kiss of Death            Conj/Necr      4%         2d5       96%         1
 Sting                    Tmut/Pois      0%         1d3       98%         1
 Summon Small Mammal      Summ           0%         N/A       98%         1
 Sublimation of Blood     Necr           2%         N/A       98%         2
 Blink                    Tloc           0%         N/A       99%         2
 Cigotuvi's Dreadful Rot  Necr/Pois/Air  0%         N/A       99%         2
 Ensorcelled Hibernation  Hex/Ice        0%         N/A       99%         2
 Lesser Beckoning         Tloc           0%         N/A       99%         2
 Passwall                 Tmut/Erth      0%         N/A       99%         2
 Poisonous Vapours        Pois/Air       0%         N/A       99%         2
 Wereblood                Tmut           0%         N/A       99%         2
 Call Canine Familiar     Summ           0%         N/A       100%        3
 Confusing Touch          Hex            0%         N/A       100%        3
 Dazzling Flash           Conj/Hex       0%         N/A       100%        3
 Gell's Gravitas          Tloc           0%         N/A       100%        3
 Ignite Poison            Fire/Tmut/Pois 0%         N/A       100%        3
 Ozocubu's Armour         Ice            0%         N/A       100%        3
 Summon Guardian Golem    Hex/Summ       0%         N/A       100%        3
 Swiftness                Air            0%         N/A       100%        3
 Teleport Other           Tloc           0%         N/A       100%        3
 Vhi's Electric Charge    Tloc/Air       0%         N/A       100%        3
 Anguish                  Hex/Necr       0%         N/A       100%        4
 Cause Fear               Hex            0%         N/A       100%        4
 Dispel Undead            Necr           2%         3d7       100%        4
 Leda's Liquefaction      Hex/Erth       0%         N/A       100%        4
 Manifold Assault         Tloc           0%         N/A       100%        4
 Olgreb's Toxic Radiance  Pois           0%         N/A       100%        4
 Passage of Golubria      Tloc           0%         N/A       100%        4
 Petrify                  Tmut/Erth      0%         N/A       100%        4
 Agony                    Necr           2%         N/A       100%        5
 Alistair's Intoxication  Tmut/Pois      0%         N/A       100%        5
 Arcjolt                  Conj/Air       0%         1d10      100%        5
 Blade Hands              Tmut           0%         N/A       100%        5
 Borgnjor's Vile Clutch   Necr/Erth      0%         N/A       100%        5
 Freezing Cloud           Conj/Ice/Air   0%         6-21      100%        5
 Irradiate                Conj/Tmut      0%         3d11      100%        5
 Iskenderun's Battlesphe  Conj           0%         2d6       100%        5
 Lee's Rapid Deconstruct  Erth           0%         3d4*      100%        5
 Metabolic Englaciation   Hex/Ice        0%         N/A       100%        5
 Silence                  Hex/Air        0%         N/A       100%        5
 Summon Forest            Summ/Tloc      0%         N/A       100%        5
 Conjure Ball Lightning   Conj/Air       0%         3x3d6     100%        6
 Death Channel            Necr           1%         N/A       100%        6
 Dispersal                Tloc           0%         N/A       100%        6
 Eringya's Noxious Bog    Tmut/Pois      0%         N/A       100%        6
 Iron Shot                Conj/Erth      0%         9d1       100%        6
 Statue Form              Tmut/Erth      0%         N/A       100%        6
 Dragon Form              Tmut           0%         N/A       100%        7
 Orb of Destruction       Conj           0%         9d5       100%        7
 Ozocubu's Refrigeration  Ice            0%         4d7       100%        7
 Spellforged Servitor     Conj/Summ      0%         N/A       100%        7
 Storm Form               Tmut/Air       0%         N/A       100%        7
 Summon Hydra             Summ           0%         N/A       100%        7
 Borgnjor's Revivificati  Necr           1%         N/A       100%        8
 Discord                  Hex            0%         N/A       100%        8
 Disjunction              Tloc           0%         N/A       100%        8
 Lehudib's Crystal Spear  Conj/Erth      0%         10d2      100%        8
 Maxwell's Capacitive Co  Air            0%         ∞         100%        8
 Necromutation            Tmut/Necr      0%         N/A       100%        8
 Death's Door             Necr           1%         N/A       100%        9
 Dragon's Call            Summ           0%         N/A       100%        9


Dungeon Overview and Level Annotations

Branches:
Dungeon (15/15)            Temple (1/1) D:4            Lair (5/5) D:11
  Swamp (4/4) Lair:3       Spider (4/4) Lair:2        Slime (5/5) Lair:4
    Orc (2/2) D:10            Elf (3/3) Orc:2        Vaults (5/5) D:13
  Crypt (3/3) Vaults:2       Tomb (1/3) Crypt:3      Depths (2/4) D:15
  IceCv (visited)         Volcano (visited)

Altars:
Ashenzari
Cheibriados
Dithmenos
Elyvilon
Fedhas
Gozag
Hepliaklqana
Kikubaaqudgha
Makhleb
Nemelex Xobeh
Okawaru
Qazlal
Ru
Sif Muna
Trog
Uskayaw
Vehumet
Wu Jian
Xom
Yredelemnul
Zin
The Shining One
Jiyva

Shops:
D:5 *   D:6 ==(??!   D:8 (!(   D:11 [   D:15 :   Orc:2 [***   Elf:1 (   Elf:3 ?
Vaults:1 =(**   Vaults:3 [   Depths:1 [(

Portals:
Hell: Depths:1
Abyss: Depths:2
Pandemonium: Depths:1
Ziggurat: Depths:1
Trove: Vaults:3 (show abyssal rune of Zot)

Annotations:
Crypt:2 36 runed doors


Innate Abilities, Weirdness & Mutations

You have a pair of horns on your head.
You reflexively headbutt those who attack you in melee.
You have sharp toenails.
You are partially covered in iridescent scales. (AC +2)
Your body sometimes deteriorates upon taking damage.
Your magical capacity is low. (-10% MP)
Your spells are a little harder to cast, but a little more powerful.


Message History

You slash the sphinx! You slice the sphinx!!
* * * LOW HITPOINT WARNING * * *
You feel extremely sick.
The sphinx hits you but does no damage. x2; You block the sphinx's attack. x2
The sphinx hits you but does no damage. You block the sphinx's attack.
The sphinx hits you but does no damage. The sphinx hits you.
* * * LOW HITPOINT WARNING * * *
The sphinx hits you but does no damage. The sphinx barely misses you.
You furiously retaliate!
You headbutt the sphinx!!
The sphinx hits you but does no damage. x5
You slash the sphinx! You headbutt the sphinx.
The sphinx is lightly wounded.
You hit the sphinx. You slash the sphinx! You hit the sphinx.
You slash the sphinx! x2
* * * LOW HITPOINT WARNING * * *
You feel extremely sick.
You block the sphinx's attack. x4; The sphinx hits you but does no damage. x2
The sphinx barely misses you.
The sphinx hits you but does no damage. x3
You block the sphinx's attack. The sphinx hits you but does no damage.
You hit the sphinx but do no damage.
The sphinx is severely wounded.
You slash the sphinx!
You kill the sphinx!
You slash the sphinx! You hit the sphinx. You carve the sphinx like a ham!!!
You hit the sphinx.
* * * LOW HITPOINT WARNING * * *
You feel extremely sick. You block the sphinx's attack.
The sphinx hits you but does no damage. The sphinx barely misses you.
The sphinx hits you!
* * * LOW HITPOINT WARNING * * *
You block the sphinx's attack. x2; The sphinx hits you!
* * * LOW HITPOINT WARNING * * *
The sphinx hits you but does no damage. x2; You block the sphinx's attack. x3
Gozag petitions for your drink to fail.
Your surroundings suddenly seem different.
* * * LOW HITPOINT WARNING * * *
You feel extremely sick.
* * * LOW HITPOINT WARNING * * *
You feel extremely sick.
You die...

#########################
#<.......................
#........................
#........................
#........................
#.......@................
#..........##############
#..........# #..........#
..........# ..........#
..........# ..........#


There were no monsters in sight!

Vanquished Creatures
  the Royal Jelly (Slime:5)
  2 dread liches
  An ancient lich (Vaults:5)
  A juggernaut (Depths:1)
  Sojobo (Vaults:4)
  Bai Suzhen (Crypt:2)
  A golden dragon (Vaults:5)
  Jorgrun (D:12)
  A tentacled monstrosity (Swamp:3)
  Mlioglotl (Swamp:2)
  Zenata (Vaults:2)
  2 deep elf master archers (Elf:3)
  A titan (Vaults:5)
  2 liches (Crypt:3)
  20 acid blobs
  2 quicksilver dragons (Vaults:5)
  7 deep elf blademasters
  3 ancient champions
  9 sphinxes
  Gastronok (Lair:1)
  2 tengu reavers (Vaults:4)
  Frances (D:14)
  Kirke (Lair:4)
  A shadow dragon (Vaults:5)
  Donald (Crypt:2)
  3 revenants
  17 azure jellies
  2 fenstrider witches (Swamp:3)
  A frost giant (Depths:1)
  3 fire giants (Vaults:5)
  17 rockslimes
  4 deep elf sorcerers (Elf:3)
  17 vault wardens
  2 orc warlords
  Louise (Swamp:2)
  Aizul (Depths:1)
  4 deep elf elementalists (Elf:3)
  5 emperor scorpions
  A curse skull (Crypt:2)
  6 ghost moths
  10 very ugly things
  2 ghouls (Crypt:2)
  12 quicksilver oozes
  A juggernaut skeleton (Crypt:1)
  2 broodmothers (Spider:3)
  16 ironbound preservers
  2 stone giants
  15 ironbound thunderhulks
  21 vampire knights
  A deep elf demonologist (Elf:3)
  7 deep elf annihilators (Elf:3)
  7 eleionomae
  An eleionoma (shapeshifter) (Vaults:5)
  8 dire elephants (Vaults:1)
  3 bunyips
  2 spark wasps (Spider:1)
  2 blizzard demons (IceCv)
  Snorg (Orc:1)
  An eidolon (Crypt:3)
  6 deep elf death magi
  2 shambling mangroves
  An ettin (Vaults:5)
  A crystal guardian (Vaults:2)
  3 fire dragons (Swamp:4)
  Josephine (D:10)
  9 entropy weavers
  9 jiangshi
  A spriggan zombie (Crypt:3)
  2 deep elf high priests
  An ice dragon (Depths:1)
  6 yaktaur captains
  13 great orbs of eyes
  32 vault guards
  An ice dragon (shapeshifter) (Vaults:5)
  4 ogre magi (Orc:2)
  3 peacekeepers
  A fenstrider witch zombie (Crypt:3)
  3 ghost crabs
  4 catoblepae
  2 radroaches
  12 ironbound frosthearts
  3 jorogumos
  4 boulder beetles
  A death knight (Vaults:2)
  7 centaur warriors
  13 hydras
  An Orb Guardian zombie (Crypt:3)
  3 alligators
  29 dancing weapons
  28 two-headed ogres
  5 death scarabs (Spider:4)
  5 death yaks (Lair:5)
  An alligator (shapeshifter) (Vaults:5)
  2 tengu warriors (Depths:1)
  A titan zombie (Crypt:3)
  11 vampire magi
  2 orc high priests
  A spriggan berserker (Depths:1)
  A soul eater (Crypt:2)
  16 deep elf knights
  5 hell knights (Depths:1)
  2 fire crabs (Swamp:4)
  A spectral catoblepas (Lair:3)
  A bunyip zombie (Crypt:2)
  40 skeletal warriors
  8 pharaoh ants
  2 skysharks
  5 goliath frogs
  3 shadow wraiths
  Lodul (D:13)
  A death drake (Swamp:4)
  2 sun moths
  2 spriggan druids (Swamp:1)
  12 swamp dragons
  20 ironbound convokers
  3 spriggan simulacra (IceCv)
  3 flayed ghosts
  8 orb spiders
  29 deep trolls
  A spectral wolf spider (Spider:4)
  7 necromancers
  8 bog bodies
  14 deep elf archers
  23 phantasmal warriors
  2 glowing orange brains
  An obsidian statue (IceCv)
  2 wolf spider zombies (Spider:4)
  17 lindwurms
  18 harpies
  4 orc sorcerers
  8 wizards
  24 deep elf zephyrmancers
  9 steelbarb worms
  The ghost of SecretSquirrel the Skirmisher, a novice DsHu (D:5)
  An iron dragon zombie (Crypt:3)
  An iron giant skeleton (Crypt:1)
  32 deep elf pyromancers
  An eleionoma zombie (Crypt:3)
  6 will-o-the-wisps
  2 orc knights (Vaults:3)
  6 cyclopes
  19 wolf spiders
  41 ugly things
  4 moths of wrath (Spider:4)
  3 shining eyes
  5 manticores
  A sphinx skeleton (Crypt:3)
  Maurice (D:8)
  2 naga magi (D:15)
  3 centaur zombies
  111 slime creatures
  An iron dragon skeleton (Crypt:3)
  A dire elephant zombie (Crypt:1)
  4 centaur skeletons
  A frost giant skeleton (Vaults:4)
  15 vault sentinels
  A titan simulacrum (Crypt:1)
  3 elephants (Lair:4)
  2 dire elephant skeletons (Crypt:1)
  5 molten gargoyles
  4 torpor snails
  4 black mambas
  8 cane toads
  2 eyes of devastation
  2 rime drakes
  4 efreet
  4 gargoyles
  6 demonic crawlers
  Maggie (D:8)
  An unseen horror (D:13)
  Psyche (D:8)
  4 anaconda simulacra (IceCv)
  A minotaur zombie (Crypt:1)
  9 komodo dragons
  A kobold demonologist (D:13)
  A freezing wraith (Crypt:2)
  19 yaktaurs
  An alligator snapping turtle skeleton (Crypt:1)
  9 ice devils (IceCv)
  3 spectral redbacks (Spider:4)
  A swamp worm zombie (Crypt:2)
  3 human skeletons
  A tengu conjurer (Depths:1)
  A death drake zombie (Crypt:3)
  A hydra zombie (Crypt:3)
  3 harpy zombies
  10 trolls
  A purple draconian skeleton (Crypt:1)
  2 spectral jumping spiders (Spider:4)
  6 tyrant leeches
  2 polar bears
  6 guardian mummies
  25 tarantellas
  A grey draconian skeleton (Crypt:1)
  A spectral culicivora (Spider:4)
  3 spectral tarantellas (Spider:4)
  14 dream sheep (Lair:5)
  2 harpy skeletons
  A death drake skeleton (Crypt:1)
  19 hornets
  4 jumping spider zombies (Spider:4)
  19 blink frogs
  3 water elementals
  10 flying skulls
  2 black mamba zombies
  20 spriggans
  2 air elementals
  24 culicivoras
  32 jumping spiders
  A shadow (D:9)
  A spriggan (shapeshifter) (D:15)
  An ushabti (Tomb:1)
  18 wraiths
  A guardian serpent skeleton (Crypt:2)
  A vampire (D:14)
  3 wyverns
  2 spectral black mambas (Lair:3)
  A satyr skeleton (Crypt:3)
  An elf zombie (Vaults:4)
  Eustachio (D:4)
  A dire elephant simulacrum (IceCv)
  A yaktaur simulacrum (Vaults:2)
  A tyrant leech zombie (Crypt:3)
  5 basilisks
  5 steam dragons
  49 yaks
  7 fire elementals
  4 golden eyes (Slime:5)
  7 hogs (Lair:4)
  3 vampire mosquitoes
  Grum (Lair:1)
  11 minotaur simulacra (IceCv)
  79 redbacks
  17 swamp worms
  Menkaure (D:7)
  3 wargs (Orc:2)
  2 harpy simulacra (IceCv)
  2 acid dragons
  17 water moccasins
  A skyshark zombie (Crypt:1)
  A glowing shapeshifter zombie (Vaults:2)
  24 orc warriors
  A cane toad zombie (Crypt:1)
  A naga skeleton (Crypt:1)
  9 swamp drakes
  A deep troll skeleton (Crypt:1)
  A sky beast (D:7)
  An ice beast (D:6)
  A hornet zombie (D:15)
  34 ogres
  An alligator simulacrum (IceCv)
  3 black bears
  17 wolves
  A spectral rime drake (Lair:3)
  5 boggarts (D:14)
  11 centaurs
  A swamp dragon skeleton (Crypt:1)
  A blink frog skeleton (Crypt:2)
  3 phantoms
  8 kobold brigands
  6 bullfrogs
  3 human zombies
  2 earth elementals
  2 scorpions
  9 deep troll simulacra (IceCv)
  4 wights
  11 killer bees (D:10)
  2 lindwurm simulacra (IceCv)
  A raiju skeleton (Crypt:2)
  4 electric eels
  2 howler monkeys (D:7)
  7 jellies
  A bullfrog zombie (D:5)
  11 orc priests
  4 hounds
  2 gnoll boudas
  A scorpion zombie (D:5)
  4 iguanas
  7 hell rats (Lair:3)
  24 orc wizards
  An acid dragon zombie (Crypt:3)
  An ogre zombie (Crypt:3)
  3 mummies (Tomb:1)
  21 gnolls
  3 adders
  2 white imps (D:5)
  An ufetubus (D:4)
  An adder zombie (Crypt:2)
  An adder skeleton (Crypt:2)
  5 worms
  2 dart slugs
  69 orcs
  6 endoplasms
  3 giant cockroaches
  5 goblins
  3 hobgoblins
  7 jackals
  2 quokkas
  3 ball pythons
  11 bats
  4 frilled lizards
  15 kobolds
  7 rats
  A rat zombie (Crypt:2)
  A fire vortex (Volcano)
2035 creatures vanquished.

Vanquished Creatures (collateral kills)
  A dread lich (Vaults:5)
  A shadow dragon (Vaults:5)
  A tengu reaver (Vaults:5)
  A storm dragon (Vaults:5)
  A fire giant (Vaults:5)
  A deep elf sorcerer (Vaults:5)
  3 vault wardens (Vaults:5)
  An iron dragon (Vaults:5)
  4 very ugly things (Vaults:5)
  A war gargoyle (Vaults:5)
  3 stone giants (Vaults:5)
  A deep elf annihilator (Vaults:5)
  2 ettins (Vaults:5)
  A great orb of eyes (Vaults:5)
  6 vault guards (Vaults:5)
  A two-headed ogre (Vaults:5)
  2 deep elf knights (Vaults:5)
  Sonja (D:11)
  An orb spider (shapeshifter) (Vaults:5)
  A phantasmal warrior (Vaults:5)
  A deep elf pyromancer (Vaults:5)
  3 ironbound convokers (Vaults:5)
  2 vault sentinels (Vaults:5)
  A yaktaur (Vaults:5)
  A hornet (Vaults:5)
42 creatures vanquished.

Vanquished Creatures (others)
  A dread lich (Vaults:5)
  Boris (Vaults:5)
  A tentacled monstrosity (Vaults:5)
  2 titans (Vaults:5)
  A shadow dragon (Vaults:5)
  2 tengu reavers (Vaults:5)
  4 vault wardens (Vaults:5)
  2 ironbound preservers (Vaults:5)
  A war gargoyle (Vaults:5)
  A stone giant (Vaults:5)
  An ettin (Vaults:5)
  A yaktaur captain (Vaults:5)
  A deep elf high priest (Vaults:5)
  3 vault guards (Vaults:5)
  An ogre mage (Vaults:5)
  A boulder beetle (shapeshifter) (Vaults:5)
  3 two-headed ogres (Vaults:5)
  A deep elf knight (Elf:2)
  An orc knight (Vaults:5)
  An orb spider (Spider:4)
  2 phantasmal warriors (Vaults:5)
  3 ironbound convokers (Vaults:5)
  A deep elf pyromancer (Elf:1)
  2 necromancers
  2 vault sentinels (Vaults:5)
  5 yaktaurs (Vaults:5)
  A black bear (shapeshifter) (Vaults:5)
  2 swamp drakes (Swamp:4)
  An ogre (Vaults:5)
  An orc wizard (D:9)
  A swamp drake skeleton (Crypt:2)
  2 fire vortices (Volcano)
  36 foxfires
89 creatures vanquished.

Grand Total: 2166 creatures vanquished

Notes
Turn   | Place    | Note
-------+----------+-------------------------------------------
     0 | D:1      | bmack86 the Minotaur Fighter began the quest for the Orb.
     0 | D:1      | Reached XP level 1. HP: 19/19 MP: 0/0
   149 | D:1      | Reached XP level 2. HP: 25/26 MP: 1/1
   479 | D:1      | Reached XP level 3. HP: 31/31 MP: 2/2
   951 | D:2      | Reached skill level 5 in Axes
   955 | D:2      | Reached XP level 4. HP: 31/39 MP: 3/3
   998 | D:2      | Found a basalt altar of Yredelemnul.
  1287 | D:2      | Reached skill level 1 in Necromancy
  1520 | D:3      | Reached XP level 5. HP: 40/45 MP: 4/4
  1619 | D:3      | Found a hide-covered altar of Uskayaw.
  2000 | D:2      | HP: 2/45 [orc priest/divine providence (9)]
  2359 | D:3      | Found a faded altar of an unknown god.
  2449 | D:4      | Noticed a phantom
  2459 | D:4      | Reached XP level 6. HP: 43/51 MP: 5/5
  2647 | D:4      | Reached XP level 7. HP: 35/57 MP: 6/6
  2740 | D:4      | Noticed Eustachio
  2754 | D:4      | Killed Eustachio
  2911 | D:4      | Reached skill level 10 in Axes
  3090 | D:4      | Found a sacrificial altar of Ru.
  3207 | D:4      | Found a staircase to the Ecumenical Temple.
  3228 | D:4      | Found an opulent altar of Gozag.
  3236 | D:4      | Became a worshipper of Gozag Ym Sagoz the Greedy
  3401 | Temple   | Entered the Ecumenical Temple
  3438 | D:5      | Entered Level 5 of the Dungeon
  3491 | D:5      | Found Norasy's Gadget Gallery.
  3652 | D:5      | Found a runed translucent gate.
  3652 | D:5      | Found a runed translucent gate.
  3652 | D:5      | Found a runed translucent gate.
  3652 | D:5      | Noticed SecretSquirrel's ghost (novice DsHu)
  3654 | D:5      | Found a basalt altar of Yredelemnul.
  3726 | D:5      | Reached XP level 8. HP: 37/64 MP: 7/7
  3981 | D:5      | Identified 2 scrolls of acquirement
  3981 | D:5      | Acquired a manual of Fighting
  3983 | D:5      | Acquired a +2 vampiric broad axe
  4054 | D:5      | Found a glowing golden altar of the Shining One.
  4341 | D:5      | Killed SecretSquirrel's ghost
  4472 | D:6      | Got the Exposition on the Scorpion and Transposition
  4503 | D:6      | Found Affon's Antique Weapon Boutique.
  4509 | D:6      | Found Modavvya's Distillery.
  4511 | D:6      | Found Fosumni's Jewellery Shop.
  4511 | D:6      | Found Xaigu's Magic Scroll Boutique.
  4518 | D:6      | Found Gotwiost's Jewellery Boutique.
  4518 | D:6      | Found Udghulio's Magic Scroll Shop.
  4543 | D:6      | Bought an amulet of regeneration for 420 gold pieces
  4640 | D:6      | Found a stormy altar of Qazlal.
  4722 | D:6      | Reached XP level 9. HP: 70/70 MP: 8/8
  4821 | D:6      | Found a glowing silver altar of Zin.
  5320 | D:7      | Reached skill level 15 in Axes
  5390 | D:7      | Found an ancient bone altar of Kikubaaqudgha.
  5466 | D:7      | Found a shimmering altar of Xom.
  5475 | D:7      | Found a shimmering blue altar of Sif Muna.
  5673 | D:7      | Noticed Menkaure
  5680 | D:7      | Killed Menkaure
  5895 | D:8      | Noticed Maggie
  5911 | D:8      | Killed Maggie
  6043 | D:8      | Found Zicoirr's Weapon Shop.
  6051 | D:8      | Found Qiqumyut's Distillery.
  6086 | D:8      | Reached XP level 10. HP: 71/77 MP: 9/9
  6128 | D:8      | Bought a potion of heal wounds for 65 gold pieces
  6220 | D:8      | Noticed Psyche
  6228 | D:8      | Killed Psyche
  6256 | D:8      | Found Ivery's Weapon Boutique.
  6273 | D:8      | Noticed a two-headed ogre
  6279 | D:8      | Killed a two-headed ogre
  6483 | D:8      | Found a burning altar of Makhleb.
  6484 | D:8      | Noticed Maurice
  6491 | D:8      | Killed Maurice
  6602 | D:9      | Found a large runed translucent door.
  6603 | D:9      | Found a large runed translucent door.
  6611 | D:9      | Noticed a two-headed ogre
  6617 | D:9      | Killed a two-headed ogre
  6912 | D:9      | Reached skill level 5 in Fighting
  6926 | D:9      | Noticed a two-headed ogre
  6927 | D:9      | Reached skill level 5 in Armour
  6930 | D:9      | Killed a two-headed ogre
  6936 | D:9      | Reached XP level 11. HP: 93/93 MP: 10/10
  7346 | D:9      | Found a shadowy altar of Dithmenos.
  7351 | D:9      | Found a sparkling altar of Nemelex Xobeh.
  7459 | D:6      | Bought a scroll of acquirement for 624 gold pieces
  7459 | D:6      | Acquired the +0 crystal plate armour of Death's Door
                  | {Rampage Fly rC+ Str+4}
  7557 | D:10     | Entered Level 10 of the Dungeon
  7736 | D:10     | Found an ornate altar of the Wu Jian Council.
  7742 | D:10     | Noticed a two-headed ogre
  7750 | D:10     | Killed a two-headed ogre
  7873 | D:10     | Noticed Josephine
  7880 | D:10     | Reached skill level 10 in Fighting
  7889 | D:10     | Killed Josephine
  7950 | D:10     | Found a staircase to the Orcish Mines.
  8183 | D:10     | Noticed a two-headed ogre
  8183 | D:10     | Noticed a boulder beetle
  8196 | D:10     | Killed a boulder beetle
  8199 | D:10     | Killed a two-headed ogre
  8498 | D:11     | Reached skill level 10 in Armour
  8536 | D:11     | Found a staircase to the Lair.
  8609 | D:11     | Noticed a two-headed ogre
  8610 | D:11     | Noticed a two-headed ogre
  8620 | D:11     | Killed a two-headed ogre
  8625 | D:11     | Killed a two-headed ogre
  8626 | D:11     | Reached XP level 12. HP: 91/117 MP: 11/11
  8670 | D:11     | Found Qenu's Armour Boutique.
  8678 | D:11     | Bought a +1 pair of gloves for 184 gold pieces
  8943 | D:11     | Noticed Sonja
  8950 | D:11     | Killed Sonja
  8951 | D:11     | Reached skill level 15 in Fighting
  9632 | D:12     | Reached skill level 1 in Throwing
  9659 | D:12     | Noticed Jorgrun
  9674 | D:12     | Killed Jorgrun
  9733 | D:12     | Reached skill level 5 in Shields
  9802 | D:12     | Noticed a two-headed ogre
  9812 | D:12     | Killed a two-headed ogre
 10243 | D:13     | Noticed a centaur warrior
 10252 | D:13     | Killed a centaur warrior
 10280 | D:13     | Reached skill level 5 in Throwing
 10363 | D:13     | Noticed a great orb of eyes
 10364 | D:13     | Noticed Lodul
 10369 | D:13     | Killed a great orb of eyes
 10370 | D:13     | Reached XP level 13. HP: 96/132 MP: 12/12
 10383 | D:13     | Killed Lodul
 10778 | D:13     | Found a gate to the Vaults.
 11120 | D:14     | Found a frozen archway.
 11135 | D:14     | Noticed a white very ugly thing
 11152 | D:14     | Killed a brown very ugly thing
 11172 | D:14     | Reached XP level 14. HP: 108/146 MP: 13/13
 11310 | IceCv    | Entered an ice cave
 11635 | IceCv    | Reached skill level 1 in Evocations
 11740 | IceCv    | Identified the +9 ice dragon scales of the Eternal Void
                  | {Rampage rF- rC++ rN+}
 11942 | IceCv    | Reached skill level 10 in Throwing
 12122 | D:14     | Noticed Frances
 12136 | D:14     | Killed Frances
 12788 | D:15     | Entered Level 15 of the Dungeon
 13216 | D:15     | Found Defaempu's Book Emporium.
 13539 | D:15     | Found a staircase to the Depths.
 13826 | Lair:1   | Entered Level 1 of the Lair of Beasts
 13826 | Lair:1   | Noticed Gastronok
 13834 | Lair:1   | Killed Gastronok
 13962 | Lair:1   | Noticed Grum
 13967 | Lair:1   | Reached skill level 5 in Evocations
 13974 | Lair:1   | Killed Grum
 14763 | Lair:2   | Found a dark tunnel.
 14772 | Volcano  | Entered a volcano
 14838 | Volcano  | Reached XP level 15. HP: 143/155 MP: 14/14
 15131 | Lair:2   | Found a hole to the Spider Nest.
 15693 | Lair:3   | Reached skill level 10 in Shields
 15760 | Lair:3   | Found a staircase to the Swamp.
 16307 | Lair:4   | Noticed Kirke
 16315 | Lair:4   | Killed Kirke
 16495 | Lair:4   | Found a viscous altar of Jiyva.
 16497 | Lair:4   | Found a runed translucent door.
 16505 | Lair:4   | Found a staircase to the Slime Pits.
 16561 | Lair:4   | Identified the +1 dagger of the Crawling Thing {elec, *Slow
                  | rPois Dex+3}
 17025 | Lair:5   | Entered Level 5 of the Lair of Beasts
 17326 | Lair:5   | Identified the +0 ring mail of Dishonour {Regen+}
 18187 | Orc:1    | Entered Level 1 of the Orcish Mines
 18188 | Orc:1    | Noticed Snorg
 18201 | Orc:1    | Killed Snorg
 18213 | Orc:1    | Found an iron altar of Okawaru.
 18232 | Orc:1    | Reached XP level 16. HP: 165/165 MP: 15/15
 18465 | Orc:1    | You fall into a shaft and drop 1 floor!
 18465 | Orc:2    | Entered Level 2 of the Orcish Mines
 18929 | Orc:2    | Found Pyluanap's Assorted Antiques.
 18929 | Orc:2    | Found Tezedo's General Store.
 18933 | Orc:2    | Found Fyowotau's Antique Armour Boutique.
 18933 | Orc:2    | Found Fiamie's General Store.
 19085 | Orc:2    | Found a staircase to the Elven Halls.
 19384 | Orc:2    | Bought a pair of glowing gloves for 135 gold pieces
 19384 | Orc:2    | Bought a runed cloak for 135 gold pieces
 19385 | Orc:2    | Bought a crude plate armour for 644 gold pieces
 19385 | Orc:2    | Identified the +0 plate armour of Recklessness {Str+2} (You
                  | bought it in a shop on level 2 of the Orcish Mines)
 19386 | Orc:2    | Bought a scroll of teleportation for 39 gold pieces
 19386 | Orc:2    | Bought 6 javelins for 234 gold pieces
 19386 | Orc:2    | Bought a potion of might for 52 gold pieces
 19387 | Orc:2    | Bought 2 potions of curing for 84 gold pieces
 19387 | Orc:2    | Bought a potion of haste for 140 gold pieces
 19387 | Orc:2    | Bought a scroll of enchant armour for 105 gold pieces
 19387 | Orc:2    | Bought a potion of resistance for 140 gold pieces
 19522 | Spider:1 | Entered Level 1 of the Spider Nest
 21084 | Spider:2 | Reached skill level 15 in Armour
 21197 | Spider:2 | Lost intelligence.
 21680 | Spider:3 | Reached XP level 17. HP: 174/178 MP: 0/16
 21933 | Spider:3 | Paralysed by a jorogumo for 2 turns
 22520 | Spider:4 | Entered Level 4 of the Spider Nest
 22939 | D:6      | Bought the ring of Ocsod {Dex+3 SInv} for 396 gold pieces
 22965 | D:6      | Bought a +6 ring of intelligence for 468 gold pieces
 23179 | Spider:4 | Lost intelligence.
 23726 | Spider:4 | Lost intelligence.
 23989 | Spider:4 | Got a gossamer rune of Zot
 24357 | Swamp:1  | Entered Level 1 of the Swamp
 24513 | Swamp:1  | Reached XP level 18. HP: 134/191 MP: 17/17
 25009 | Swamp:2  | Noticed Louise
 25034 | Swamp:2  | Killed Louise
 25116 | Swamp:2  | Noticed Mlioglotl
 25131 | Swamp:2  | Killed Mlioglotl
 25248 | Swamp:2  | Identified the +5 chain mail "Dauff" {Str+3 Dex+3 Stlth-}
 25705 | Swamp:3  | Noticed a tentacled monstrosity
 25717 | Swamp:3  | Killed a tentacled monstrosity
 26273 | Swamp:4  | Entered Level 4 of the Swamp
 26864 | Swamp:4  | Got a decaying rune of Zot
 27336 | Vaults:1 | Entered Level 1 of the Vaults
 27595 | Vaults:1 | Found Igabb's Jewellery Emporium.
 27608 | Vaults:1 | Bought the ring of the Establishment {Int+2 Dex+6 SInv} for
                  | 925 gold pieces
 27624 | Vaults:1 | Found Jarirru's Antique Weapon Shoppe.
 27710 | Vaults:1 | Found Hiaseget's General Store.
 27720 | Vaults:1 | Bought a scroll of enchant armour for 105 gold pieces
 27720 | Vaults:1 | Bought a potion of curing for 42 gold pieces
 27720 | Vaults:1 | Bought a wand of flame (14) for 137 gold pieces
 27852 | Vaults:1 | Reached XP level 19. HP: 179/204 MP: 18/18
 28265 | Vaults:1 | Found Egrideze's General Store.
 28303 | Vaults:1 | Bought a scroll of teleportation for 54 gold pieces
 28303 | Vaults:1 | Bought a potion of might for 72 gold pieces
 28957 | Vaults:2 | Noticed Zenata
 28972 | Vaults:2 | Killed Zenata
 29255 | Vaults:2 | Found a staircase to the Crypt.
 30420 | Vaults:3 | Found Cilleil's Antique Armour Emporium.
 30482 | Vaults:3 | Reached skill level 27 in Fighting
 30489 | Vaults:3 | Reached skill level 15 in Shields
 30629 | Vaults:3 | Reached XP level 20. HP: 91/216 MP: 19/19
 31402 | Vaults:3 | Found a portal to a secret trove of treasure.
 32871 | Vaults:4 | Paralysed by a sphinx for 2 turns
 32920 | Vaults:4 | Noticed Sojobo
 32932 | Vaults:4 | Killed Sojobo
 33355 | Vaults:5 | Entered Level 5 of the Vaults
 33371 | Vaults:5 | Noticed a golden dragon
 33373 | Vaults:5 | Noticed a dread lich
 33389 | Vaults:5 | Reached XP level 21. HP: 141/217 MP: 20/20
 33394 | Vaults:5 | Killed a golden dragon
 33400 | Vaults:5 | Reached skill level 10 in Evocations
 33445 | Vaults:5 | Killed Boris
 33491 | Vaults:5 | Noticed a dread lich
 33504 | Vaults:5 | Noticed an ancient lich
 33513 | Vaults:5 | Noticed a dread lich
 33517 | Vaults:5 | Killed a dread lich
 33519 | Vaults:5 | Killed a dread lich
 33525 | Vaults:5 | Killed an ancient lich
 33980 | Vaults:5 | Got a silver rune of Zot
 33987 | Vaults:5 | Identified the +10 shortbow "Axtum" {flame, rPois Int+2}
 33989 | Vaults:5 | Identified the +9 broad axe of Blood {freeze, rC- Dex+2
                  | SInv}
 34000 | Vaults:5 | Got the Commentary on Sciomancy and Hexes
 34996 | Elf:1    | Entered Level 1 of the Elven Halls
 35353 | Elf:1    | Found Xussav's Antique Weapon Boutique.
 35486 | Elf:1    | Identified the +6 battleaxe of Fortitude {antimagic, rElec
                  | rN+ Str+5 Dex-3}
 35511 | Elf:1    | Paralysed by an air elemental for 1 turns
 35956 | Elf:1    | Identified the +3 scale mail of Serendipity {Harm Str-4
                  | Int+5}
 36286 | Elf:2    | Found a runed translucent gate.
 36286 | Elf:2    | Found a runed translucent gate.
 36339 | Elf:2    | Found a runed translucent gate.
 36514 | Elf:2    | Identified the +0 flail of the Depths {spect, Str+4 Int+3}
 36531 | Elf:2    | Identified the +11 trident of Zojewk {holy, *Corrode
                  | Will++}
 36565 | Elf:2    | Paralysed by an air elemental for 1 turns
 36621 | Elf:2    | Acquired a manual of Throwing
 37007 | Elf:2    | Reached XP level 22. HP: 233/233 MP: 21/21
 37297 | Elf:3    | Entered Level 3 of the Elven Halls
 37534 | Elf:3    | Found The Oracle's Delphic Readings.
 37566 | Elf:3    | Bought a scroll of enchant weapon for 142 gold pieces
 37566 | Elf:3    | Bought 2 scrolls of teleportation for 114 gold pieces
 38413 | Elf:3    | Found the ring of the Tortoise {AC+8}
 38507 | Elf:3    | Identified the amulet of Haob Zer {Acrobat +Blink rF-
                  | Will++ rCorr}
 38550 | Elf:3    | Identified the staff of cold "Yfalal" {rC+ Int+2}
 38590 | Elf:3    | Identified the +6 long sword of Etziliff {drain, rF++
                  | Will++ Str-2}
 38590 | Elf:3    | Identified the +3 steam dragon scales of Usobb {rC+ Slay+3}
 38597 | Elf:3    | Identified the staff of death "Ygigyinn" {rC+ rN+ Str+6
                  | Dex+2}
 38640 | Elf:3    | Identified the +0 pair of gloves of Xom {rC+}
 38692 | Elf:3    | Identified the staff of death "Sagodim" {+Blink rN+ Str+3
                  | Dex-3 SInv Stlth+}
 39029 | Depths:1 | Entered Level 1 of the Depths
 39054 | Depths:1 | Found a gateway to Hell.
 39064 | Depths:1 | Found a one-way gateway to a ziggurat.
 39368 | Depths:1 | Noticed a juggernaut
 39385 | Depths:1 | Killed a juggernaut
 39396 | Depths:1 | Identified the +0 plate armour of Mental Paralysis {rElec
                  | rF- Regen+ Str-2}
 39454 | Depths:1 | Noticed Aizul
 39465 | Depths:1 | Killed Aizul
 39629 | Depths:1 | Found Ufil's Antique Weapon Shop.
 39629 | Depths:1 | Found Saotimog's Antique Armour Boutique.
 39762 | Depths:1 | Found a one-way gate leading to the halls of Pandemonium.
 40291 | Depths:2 | Found a one-way gate to the infinite horrors of the Abyss.
 40551 | Slime:1  | Entered Level 1 of the Pits of Slime
 40654 | Slime:1  | Gained mutation: Your spells are a little easier to cast,
                  | but a little less powerful. [a shining eye]
 40655 | Slime:1  | Gained mutation: You occasionally lose the ability to drink
                  | potions when taking damage. [a shining eye]
 41275 | Slime:2  | Lost mutation: Your spells are a little easier to cast, but
                  | a little less powerful. [potion of mutation]
 41275 | Slime:2  | Lost mutation: You occasionally lose the ability to drink
                  | potions when taking damage. [potion of mutation]
 41275 | Slime:2  | Gained mutation: You occasionally shout uncontrollably at
                  | your foes. [potion of mutation]
 41275 | Slime:2  | Gained mutation: You expend magic power (3 MP) to
                  | strengthen your wands. [potion of mutation]
 41276 | Slime:2  | Lost mutation: You expend magic power (3 MP) to strengthen
                  | your wands. [potion of mutation]
 41276 | Slime:2  | Lost mutation: You occasionally shout uncontrollably at
                  | your foes. [potion of mutation]
 41276 | Slime:2  | Gained mutation: You are strong-willed. (Will+) [potion of
                  | mutation]
 41276 | Slime:2  | Gained mutation: Armour fits poorly on your strangely
                  | shaped body. [potion of mutation]
 41276 | Slime:2  | Gained mutation: You have large cloven feet. [potion of
                  | mutation]
 42635 | Slime:5  | Entered Level 5 of the Pits of Slime
 42660 | Slime:5  | Gained mutation: You are dopey. (Int -2) [a shining eye]
 42664 | Slime:5  | Gained mutation: You are frail. (-10% HP) [a shining eye]
 42678 | Slime:5  | Gained mutation: Your body sometimes deteriorates upon
                  | taking damage. [a shining eye]
 42693 | Slime:5  | Reached XP level 23. HP: 157/216 MP: 22/22
 42803 | Slime:5  | Noticed the Royal Jelly
 42960 | Slime:5  | Killed the Royal Jelly
 42961 | Slime:5  | Reached skill level 27 in Axes
 43086 | Slime:5  | Identified the +10 battleaxe "Cybihuk" {protect, rC- rN+
                  | Dex+3}
 43130 | Slime:5  | Identified the ring "Zid Vuan" {rF- EV+5 Int+3 Dex+3 SInv}
 43141 | Slime:5  | Identified the +3 rapier of the Hammering Pariah {elec,
                  | MP+9 Str+5}
 43143 | Slime:5  | Got a slimy rune of Zot
 43190 | Slime:5  | Found the macabre finger necklace {Finger+ rN+}
 43194 | Slime:5  | Identified the +10 long sword "Newtbane" {elec, rF++ Str-4
                  | Int+5}
 43221 | Slime:5  | Identified the staff of death "Oromudgh" {rF+ rC+ rN+ Str-2
                  | Stlth+}
 43230 | Slime:5  | Identified the +0 chain mail of Mysticism {rC+ Will+ Str-3
                  | Dex+3}
 43243 | Slime:5  | Identified the +5 trident of Xeredabet {flame, rPois Dex+2}
 43258 | Slime:5  | Identified the staff of conjuration "Ynakkyre" {rElec Int+2
                  | Dex+2}
 43428 | Slime:5  | Reached skill level 15 in Throwing
 43799 | Slime:1  | Lost mutation: You are dopey. (Int -2) [potion of mutation]
 43799 | Slime:1  | Lost mutation: You have large cloven feet. [potion of
                  | mutation]
 43799 | Slime:1  | Gained mutation: Your spells are a little harder to cast,
                  | but a little more powerful. [potion of mutation]
 43800 | Slime:1  | Lost mutation: You are strong-willed. (Will+) [potion of
                  | mutation]
 43800 | Slime:1  | Lost mutation: You are frail. (-10% HP) [potion of
                  | mutation]
 43800 | Slime:1  | Lost mutation: Armour fits poorly on your strangely shaped
                  | body. [potion of mutation]
 43800 | Slime:1  | Gained mutation: You have sharp toenails. [potion of
                  | mutation]
 43800 | Slime:1  | Gained mutation: Your magical capacity is low. (-10% MP)
                  | [potion of mutation]
 43800 | Slime:1  | Gained mutation: You are partially covered in iridescent
                  | scales. (AC +2) [potion of mutation]
 43965 | D:5      | Fell from the grace of Gozag
 43965 | D:5      | Became a worshipper of the Shining One
 44249 | Crypt:1  | Entered Level 1 of the Crypt
 44423 | Crypt:1  | Reached * piety under the Shining One
 44900 | Crypt:1  | Reached ** piety under the Shining One
 45262 | Crypt:2  | Noticed Donald
 45268 | Crypt:2  | Reached *** piety under the Shining One
 45269 | Crypt:2  | Reached skill level 1 in Invocations
 45273 | Crypt:2  | Killed Donald
 45276 | Crypt:2  | Paralysed by a vampire knight for 4 turns
 45408 | Crypt:2  | Found a huge runed gate.
 45409 | Crypt:2  | Found a huge runed gate.
 45409 | Crypt:2  | Found a huge runed gate.
 45409 | Crypt:2  | Found a huge runed gate.
 45409 | Crypt:2  | Found a huge runed gate.
 45410 | Crypt:2  | Found a huge runed gate.
 45412 | Crypt:2  | Found a huge runed gate.
 45418 | Crypt:2  | Found a huge runed gate.
 45418 | Crypt:2  | Found a huge runed gate.
 45420 | Crypt:2  | Found a huge runed gate.
 45421 | Crypt:2  | Reached **** piety under the Shining One
 45444 | Crypt:2  | Reached ***** piety under the Shining One
 45451 | Crypt:2  | Noticed Bai Suzhen
 45463 | Crypt:2  | Killed Bai Suzhen
 45467 | Crypt:2  | Reached skill level 5 in Invocations
 45468 | Crypt:2  | Found a huge runed gate.
 45469 | Crypt:2  | Found a huge runed gate.
 45470 | Crypt:2  | Found a huge runed gate.
 45506 | Crypt:2  | Found a huge runed gate.
 45508 | Crypt:2  | Found a huge runed gate.
 45509 | Crypt:2  | Found a huge runed gate.
 45510 | Crypt:2  | Found a huge runed gate.
 45518 | Crypt:2  | Found a huge runed gate.
 45518 | Crypt:2  | Found a huge runed gate.
 45518 | Crypt:2  | Found a huge runed gate.
 45518 | Crypt:2  | Found a huge runed gate.
 45518 | Crypt:2  | Found a huge runed gate.
 45520 | Crypt:2  | Found a huge runed gate.
 45521 | Crypt:2  | Found a huge runed gate.
 45522 | Crypt:2  | Found a huge runed gate.
 45523 | Crypt:2  | Found a huge runed gate.
 45531 | Crypt:2  | Found a huge runed gate.
 45531 | Crypt:2  | Found a huge runed gate.
 45531 | Crypt:2  | Found a huge runed gate.
 45531 | Crypt:2  | Found a huge runed gate.
 45531 | Crypt:2  | Found a huge runed gate.
 45533 | Crypt:2  | Found a huge runed gate.
 45534 | Crypt:2  | Found a huge runed gate.
 45535 | Crypt:2  | Found a huge runed gate.
 45536 | Crypt:2  | Found a huge runed gate.
 45544 | Crypt:2  | Found a huge runed gate.
 45992 | Crypt:3  | Entered Level 3 of the Crypt
 46624 | Crypt:3  | Reached ****** piety under the Shining One
 46650 | Crypt:3  | Noticed a dread lich
 46666 | Crypt:3  | Killed a dread lich
 46865 | Crypt:3  | Identified a +9 broad axe of holy wrath (a +9 broad axe of
                  | venom blessed by the Shining One)
 46865 | Crypt:3  | Received a gift from the Shining One
 46998 | Crypt:3  | Found a staircase to the Tomb.
 47081 | Crypt:3  | Reached skill level 10 in Invocations
 47110 | Crypt:3  | Found an ancient bone altar of Kikubaaqudgha.
 47225 | Crypt:3  | Identified the amulet of Midwinter {Reflect Str+3 SH+5}
 47228 | Crypt:3  | Identified the +10 spear "Beetlebane" {vamp, *Corrode rF++
                  | Int+2}
 47242 | Crypt:3  | Paralysed by a vampire knight for 5 turns
 47248 | Crypt:3  | Reached XP level 24. HP: 231/249 MP: 26/26
 47670 | Tomb:1   | Entered Level 1 of the Tomb of the Ancients
 47837 | Tomb:1   | HP: 10/249 [poisoned by an ushabti (dark miasma)]
 47838 | Tomb:1   | HP: 3/249 [poisoned by an ushabti (dark miasma)]
 47839 | Tomb:1   | Succumbed to an ushabti's dark miasma

Illustrated notes

Levels and vault maps discovered:
D:1:      lemuel_arrival_hallway, layout_basic
D:2:      layout_rooms, basic_altar, dreamdust_mushroom_princess
D:3:      layout_basic, eat_drink_and_be_merry_uskayaw,
          dilly_ecumenical_altar_fadedgnrine
D:4:      layout_loops_ring, nicolae_ru_path_of_blood,
          nicolae_gozag_cash_rules_everything_around_me,
          minmay_temple_entry_hall, minmay_close_crescents, uniq_eustachio
D:5:      layout_gridville, nicolae_yredelemnul_ghost_church, marbit_many_paths,
          nicolae_shop_gadgets
D:6:      layout_gridville, nicolae_qazlal_eye_of_the_storm, zin_statuary,
          grunt_decor_cap, nicolae_shop_national_dungeon_mall
D:7:      layout_basic, mainiacjoe_overflow_swirl, old_standard_altar,
          uniq_menkaure
D:8:      layout_gridville, lemuel_round_altar, serial_shops,
          nicolae_shop_tiny_glass, nicolae_square_shop, shop, uniq_maurice,
          uniq_psyche, uniq_maggie
D:9:      layout_layer_cave, jmf_multi_god_temple2, hangedman_decor_peaks_small,
          minmay_alternating_orb
D:10:     layout_roguey, mainiacjoe_overflow_catwalk,
          minmay_orc_entry_temple_small, minmay_misc_feat_rugged,
          minivault_25_ag, uniq_josephine
D:11:     minmay_stone_box, layout_grid_maze, erik_lair_island, serial_shops,
          shop, uniq_sonja
D:12:     layout_rooms, nicolae_elevator_lobby_plus, uniq_jorgrun
D:13:     layout_long_grid, david_vaults_1, minivault_8, uniq_lodul
D:14:     layout_cave_pods, portal_ice_cave_entry_ugly_swarm,
          minmay_misc_feat_four_crosses, david_defended_altar_orc, uniq_frances
D:15:     grunt_enter_depths_magical_seal, layout_irregular_city,
          nrook_mini_vaults, serial_shops, shop, serial_co_window_serial,
          co_window_corner_a, co_window_corner_a, co_window_paths_b,
          co_window_paths_b, co_window_corner_a, co_window_paths_c,
          co_window_paths_c, co_window_unsneaky_path_e, glass_columns_a,
          glass_columns_b, minivault_22
Temple:   hellmonk_temple_micro_hex
Lair:1:   layout_loops_ring, grunt_megastairs_2, uniq_grum, uniq_gastronok
Lair:2:   layout_chaotic_city, spider_nest_entry_webs,
          nicolae_volcano_entry_s_turn, grunt_megastairs_3,
          infiniplex_staircase_pool
Lair:3:   layout_loops_ring, nicolae_swamp_entry_spooky, serial_bayou_shore_a
Lair:4:   layout_misc_corridors, slime_entry_2, uniq_kirke
Lair:5:   evilmike_catoblepas_cave, layout_regular_city, st_stairs_6
Swamp:1:  layout_basic_swamp, evilmike_swamp_ruin_house_4
Swamp:2:  layout_basic_swamp, evilmike_swamp_ruin_house_3, uniq_louise,
          uniq_mlioglotl
Swamp:3:  nicolae_swamp_wrong_neighborhood, layout_falls_marsh,
          nicolae_swamp_decorative_isthmus
Swamp:4:  swamp_fiery, layout_basic_swamp
Spider:1: layout_spider_delve
Spider:2: layout_spider_delve, hangedman_spider_tarantella_strand
Spider:3: layout_spider_delve
Spider:4: floodkiller_spider_rune_tomb
Slime:1:  layout_caves, cheibrodos_slime_lost_civilization_6
Slime:2:  layout_caves, nicolae_slime_barrier,
          cheibrodos_slime_lost_civilization_4
Slime:3:  layout_caves, nicolae_slime_rock_hall_of_fame
Slime:4:  layout_caves
Slime:5
Orc:1:    layout_caves, basic_altar, okawaru_metal_pillars_1_2, uniq_snorg
Orc:2:    st_orc_ogre_mass, layout_caves
Elf:1:    layout_onion_city, serial_shops, shop, evilmike_minifort
Elf:2:    nicolae_elf_blades_splatter_lattice [grunt_blade_entry_basic],
          layout_rooms, nicolae_elf_w_pinch
Elf:3:    minmay_elf_hall, layout_onion_city, drop_trap,
          nicolae_nh_oracle_at_delphi
Vaults:1: nicolae_vaults_closet_pinwheel_4, nicolae_vaults_meiosis, v_rooms_4,
          v_rooms_4, ontoclasm_vaults_misaligned, vaults_room_fours,
          vaults_dpeg_encased_lava, nicolae_vaults_trapezoid_layered,
          ontoclasm_vaults_misaligned, nicolae_vaults_diagonal_hallway_6,
          layout_vaults_omnigrid, serial_shops, nicolae_shop_behind_doors,
          nicolae_shop_tiny_waterfront, nicolae_shop_waterfront, shop
Vaults:2: v_misc_3, minmay_crypt_entry_simple_corners, v_misc_33,
          nicolae_vaults_apartment_1, v_misc_2, nicolae_vaults_big_ls,
          nicolae_vaults_storage_closets_1,
          nicolae_vaults_doubleplus_tesselated, layout_vaults_big_room,
          uniq_zenata
Vaults:3: v_misc_32, vaults_mumra_hexcomb, ontoclasm_vaults_loading_screen,
          dpeg_vaults_monster_row, nicolae_vaults_stepped_doors,
          vaults_room_door_ring, hangedman_vaults_variations, v_misc_29,
          nicolae_vaults_offset_grid_hallway_1, ontoclasm_vaults_fault,
          vaults_room_octagon, layout_vaults_maze, nicolae_trove_entry_diagonal,
          serial_shops, shop
Vaults:4: hangedman_vaults_unwind, v_alt_pattern_6, hangedman_vaults_slice,
          vaults_dpeg_hooks, v_misc_26, ontoclasm_vaults_ring_small,
          nicolae_vaults_little_squares_5, v_misc_28,
          nicolae_vaults_security_offices_1, nicolae_vaults_big_angled_halls,
          vaults_room_door_ring, vaults_room_fancy_cross, grunt_vaults_twisty,
          nicolae_vaults_tetromino_T_1, grunt_vaults_focal,
          layout_vaults_omnibox, uniq_sojobo
Vaults:5: uniq_boris
Crypt:1:  layout_chaotic_city, grunt_megastairs_5
Crypt:2:  layout_rooms, minivault_23, grunt_ministairs_4, chequers_big_river,
          door_vault, uniq_donald, uniq_bai_suzhen
Crypt:3:  church_of_pain_bobbens, layout_chaotic_city,
          tomb_entry_simple_bobbens, st_stairs_4
Tomb:1
Depths:1: layout_gridlike, enter_ziggurat_d, rand_demon_pan_entry_9,
          kennysheep_cluttered_room, hell_entry, kennysheep_inner_square,
          minmay_shoptagon, uniq_aizul
Depths:2: regret_index_dithmenos_brocken_genspenst, layout_gridlike,
          hangedman_abyss_entry_splay, pan_entry, minmay_misc_feat_enclosed,
          grunt_mini_vestibule, minmay_staircase_bubble

Skill      XL: |  1  2  3  4  5  6  7  8  9 10 11 12 13 14 15 16 17 18 19 20 21 22 23 24 |
---------------+-------------------------------------------------------------------------+-----
Axes           | 3 4 5 6 7 9 11 13 16 18 19 20 21 22 24 26 27 | 27.0
Necromancy     | 1 |  1.0
Fighting       | 7 14 17 19 20 22 24 25 27 | 27.0
Armour         | 6 10 11 12 13 15 16 18 19 20 21 22 23 | 23.8
Throwing       | 5 9 10 14 15 | 15.6
Shields        | 7 8 9 11 12 15 18 | 18.1
Evocations     | 5 8 9 11 | 11.3
Invocations    | 10 12 | 12.3

Action                     |  1- 3 |  4- 6 |  7- 9 | 10-12 | 13-15 | 16-18 | 19-21 | 22-24 || total
---------------------------+-------+-------+-------+-------+-------+-------+-------+-------++-------
  Melee: War axe           |    58 |   106 |    69 |       |       |       |       |       ||   233
         Headbutt          |     7 |     8 |    32 |    71 |   191 |   323 |   350 |   446 ||  1428
         Broad axe         |       |       |   115 |   360 |   843 |  1208 |  1119 |  1280 ||  4925
         Scimitar          |       |       |       |       |     9 |       |       |       ||     9
  Throw: Boomerang         |       |       |       |       |       |       |       |    14 ||    14
 Invoke: Potion Petition   |       |       |       |       |     1 |     3 |     1 |     2 ||     7
         Bribe Branch      |       |       |       |       |       |       |     1 |       ||     1
         Brand Weapon With |       |       |       |       |       |       |       |     1 ||     1
         Cleansing Flame   |       |       |       |       |       |       |       |     1 ||     1
  Evoke: Wand              |       |       |     2 |     2 |    11 |    19 |     5 |     1 ||    40
    Use: Scroll            |       |     6 |    15 |    11 |     9 |     5 |    10 |    19 ||    75
         Potion            |       |     1 |       |       |     1 |     6 |    10 |     7 ||    25
   Stab: Distracted        |       |       |       |     2 |     6 |     8 |     8 |     9 ||    33
         Petrified         |       |       |       |       |     2 |       |       |       ||     2
         Petrifying        |       |       |       |       |     1 |       |       |       ||     1
         Paralysed         |       |       |       |       |       |     3 |       |       ||     3
         Invisible         |       |       |       |       |       |       |       |     8 ||     8
 Armour: Scale mail        |    10 |       |       |       |       |       |       |       ||    10
         Plate armour      |    38 |   109 |   105 |    52 |       |       |       |       ||   304
         Crystal plate arm |       |       |       |   135 |   215 |  1579 |   385 |   535 ||  2849
         Ice dragon scales |       |       |       |       |   399 |    38 |       |       ||   437
  Dodge: Dodged            |    42 |    63 |    55 |    82 |   231 |   439 |   122 |   134 ||  1168
  Block: Buckler           |    22 |    33 |    39 |    60 |    37 |       |       |       ||   191
         Kite shield       |       |       |       |       |   289 |   636 |       |       ||   925
         Tower shield      |       |       |       |       |       |   439 |  1044 |  1605 ||  3088
         Reflection        |       |       |       |       |       |     9 |    92 |    53 ||   154
